Map: 2000 Atmospheres LE

Players

SpeCial

  • Race: Terran Terran
  • League: Master

Serral - Winner!

  • Race: Zerg Zerg

Event: TSL 7

VOD

Have the link to the VOD?

Description

Time

  • Played on: June 20, 2021, 11:14 a.m.
  • Length: 16:00

All games in this series

Show
View Real Time Build Order
Export as new Build Order

SpeCial Terran 

Build Orders:  

Get SALT Encoding   

  12  0:00  SCV  
  13  0:12  SCV  
  14  0:18  Supply Depot  
  14  0:24  SCV  
  15  0:40  Barracks  
  15  0:50  Barracks  
  15  0:54  SCV  
  16  1:06  SCV  
  16  1:08  Refinery  
  17  1:19  SCV  
  18  1:28  Command Center  
  18  1:32  SCV, Barracks  
  19  1:39  Refinery  
  19  1:44  SCV  
  20  1:49  Supply Depot  
  20  1:56  SCV  
  21  2:08  SCV  
  22  2:19  Marine  
  22  2:21  Orbital Command  
  23  2:23  Bunker  
  23  2:36  Marine  
  24  2:39  Factory  
  24  2:40  Orbital Command  
  24  2:47  SCV  
  25  2:58  Barracks Reactor  
  25  2:59  SCV  
  26  3:06  SCV  
  26  3:11  Command Center  
  27  3:13  SCV  
  27  3:18  SCV  
  29  3:26  SCV  
  30  3:29  Refinery  
  30  3:33  SCV  
  31  3:35  Starport  
  31  3:38  SCV  
  31  3:39  Hellion x2  
  36  3:45  SCV  
  36  3:46  Barracks Tech Lab  
  37  3:50  SCV  
  37  3:54  Supply Depot  
  38  3:57  SCV  
  38  4:00  Hellion x2  
  44  4:02  SCV  
  44  4:09  SCV  
  45  4:11  Marine  
  45  4:16  SCV  
  47  4:17  Supply Depot  
  47  4:21  SCV  
  48  4:25  Hellion x2  
  48  4:26  Orbital Command  
  48  4:27  Raven  
  48  4:28  SCV  
  55  4:31  Barracks Tech Lab  
  55  4:33  SCV  
  56  4:40  SCV  
  57  4:46  Hellion x2  
  57  4:51  SCV  
  57  4:52  SCV, Marine  
  63  4:54  Orbital Command, Barracks x2  
  63  4:55  Stimpack  
  64  5:03  SCV  
  64  5:04  Refinery, SCV  
  66  5:07  Refinery  
  66  5:08  Engineering Bay  
  66  5:09  Hellion  
  66  5:10  Engineering Bay, Hellion, Marine  
  71  5:17  SCV x2  
  73  5:21  Starport Reactor  
  73  5:22  Supply Depot  
  73  5:25  Barracks  
  73  5:28  Barracks, Marine  
  76  5:35  Hellion  
  76  5:37  SCV  
  77  5:43  SCV x2  
  77  5:44  Hellion  
  77  5:45  Barracks Reactor  
  77  5:46  Marine  
  77  5:49  SCV  
  83  5:50  Supply Depot x2  
  83  5:55  Supply Depot  
  83  5:56  SCV  
  84  5:57  SCV  
  84  6:04  Terran Infantry Armor Level 1, Terran Infantry Weapons Level 1  
  85  6:11  SCV, Marine x3  
  85  6:12  Medivac x2  
  85  6:13  Factory Reactor  
  85  6:14  SCV x2  
  85  6:18  Supply Depot  
  95  6:21  Supply Depot  
  95  6:23  SCV  
  95  6:24  Barracks Reactor  
  94  6:26  SCV x2  
  94  6:27  Barracks Reactor  
  94  6:29  Marine  
  95  6:35  SCV, Marine x3  
  95  6:38  SCV x2  
  100  6:44  Marine  
  100  6:45  Armory  
  100  6:47  Marine  
  100  6:48  SCV  
  100  6:50  SCV x2  
  100  6:52  Widow Mine x2  
  100  6:53  Marine x3  
  111  6:57  Factory, Medivac x2  
  111  7:00  SCV  
  116  7:01  Marine x2  
  116  7:02  SCV, Marine  
  116  7:08  SCV  
  121  7:09  Missile Turret x2  
  121  7:13  Marine x2  
  121  7:14  Marine x3  
  124  7:17  SCV  
  124  7:20  Supply Depot  
  124  7:21  Supply Depot  
  124  7:22  Supply Depot  
  125  7:23  SCV, Missile Turret  
  122  7:30  Widow Mine  
  122  7:36  Marine x2  
  115  7:38  Marine x3  
  115  7:39  Marine x3  
  115  7:41  SCV x3  
  115  7:42  Marine  
  111  7:49  Missile Turret  
  108  7:54  Marine x2  
  108  7:55  Combat Shield  
  108  7:56  Marine x5  
  108  7:57  Widow Mine, Marine  
  120  7:58  Widow Mine  
  120  8:01  Widow Mine, Drilling Claws  
  120  8:04  Marine  
  123  8:12  Marine  
  121  8:14  Terran Infantry Armor Level 2, Terran Infantry Weapons Level 2  
  121  8:16  Marine x4  
  121  8:19  Marine  
  110  8:20  Marine  
  110  8:23  Marine x2  
  110  8:24  Widow Mine  
  110  8:25  Widow Mine  
  118  8:29  Marine  
  118  8:34  Marine x4  
  119  8:37  Marine x2  
  119  8:40  Marine x2  
  126  8:42  Medivac  
  126  8:47  Marine  
  128  8:49  Thor  
  128  8:50  Widow Mine  
  128  8:51  Marine  
  128  8:52  Marine x3  
  128  8:55  Marine x2  
  140  8:56  Widow Mine, Sensor Tower  
  140  8:58  Marine x2  
  140  8:59  Supply Depot  
  144  9:05  Marine  
  144  9:09  SCV, Marine x3  
  146  9:10  SCV x2, Marine, Command Center  
  146  9:13  Marine x2  
  146  9:16  Marine x2  
  154  9:17  Supply Depot  
  154  9:23  Marine  
  155  9:24  Medivac x2  
  155  9:27  Marine x4  
  155  9:28  Widow Mine  
  155  9:31  Marine x2  
  164  9:34  Marine  
  164  9:36  Marauder  
  163  9:41  Marine  
  163  9:45  Marine x4  
  163  9:48  Barracks  
  163  9:49  Marine x2  
  163  9:50  Barracks  
  163  9:52  Marine  
  167  9:53  Barracks  
  167  9:54  Medivac  
  167  9:57  Marine  
  167  9:59  Widow Mine, Marine  
  173  10:06  Widow Mine  
  173  10:08  Supply Depot x2  
  173  10:09  Marine x4, Supply Depot  
  173  10:11  Missile Turret  
  177  10:16  Widow Mine  
  177  10:20  Widow Mine  
  179  10:21  Marine x2  
  179  10:23  Marine x3  
  179  10:27  Marine  
  179  10:28  Marine  
  186  10:35  Marine x2  
  184  10:38  Barracks Tech Lab  
  184  10:41  Barracks Tech Lab  
  184  10:42  Marauder  
  189  10:43  Barracks Tech Lab  
  189  10:45  Planetary Fortress  
  189  10:51  Missile Turret  
  189  10:52  Marine  
  189  10:54  Thor  
  189  11:03  Marauder  
  189  11:04  Marauder, Marine x3  
  179  11:05  Marauder  
  179  11:06  Widow Mine, Missile Turret  
  179  11:11  SCV x3  
  189  11:15  Terran Infantry Weapons Level 3  
  189  11:24  Marauder  
  189  11:27  Marauder, Marine x4  
  189  11:29  Widow Mine x2  
  197  11:36  Marine x3  
  197  11:37  Marauder, Marine  
  199  11:43  Marine  
  194  11:47  Marine  
  194  11:48  Marauder  
  194  11:53  Marine x2  
  194  11:54  Marauder  
  189  11:55  Marine x2  
  189  11:57  Widow Mine x2  
  189  11:58  Marauder  
  191  12:02  Marine  
  191  12:03  Marauder  
  191  12:05  Marine x2  
  176  12:09  Marauder  
  176  12:10  Marine  
  176  12:11  Marine x2  
  176  12:13  Marine x2  
  176  12:15  Marauder  
  183  12:17  Widow Mine  
  183  12:18  Widow Mine  
  183  12:19  Marine  
  183  12:20  Marine  
  181  12:22  Marine  
  181  12:23  Marine  
  181  12:24  Marine  
  181  12:28  Marine  
  181  12:29  Marine x2, Missile Turret  
  183  12:30  Marine  
  183  12:31  SCV x3, Marine x2  
  183  12:33  Widow Mine  
  183  12:36  Marine  
  192  12:37  Marine  
  192  12:38  Marine  
  192  12:40  Marine x2  
  192  12:42  Marine  
  195  12:46  Marine x2  
  195  12:47  Marine  
  195  12:48  Marine  
  195  12:49  Marine  
  197  12:51  Marine  
  197  12:54  Marauder  
  197  12:55  Marauder  
  197  12:56  Marine  
  180  13:00  Marauder  
  171  13:10  Marine x2  
  129  13:21  Marine  
  129  13:22  Marauder  
  129  13:25  Marine x2  
  129  13:26  Marauder, Marine x2  
  137  13:29  Widow Mine x2  
  137  13:32  Marine  
  137  13:33  Widow Mine, Marauder  
  103  13:49  Marine  
  103  13:50  Marauder  
  103  13:51  Widow Mine x2  
  103  13:55  Widow Mine  
  103  13:56  Marauder  
  103  14:01  Marauder  
  107  14:09  Marine x2  
  104  14:11  Marauder  
  104  14:12  Widow Mine  
  104  14:17  Marine  
  104  14:18  Marauder  
  104  14:21  Marine  
  104  14:23  Orbital Command, Marauder  
  102  14:29  Widow Mine x2  
  104  14:32  Marine  
  104  14:34  Widow Mine  
  107  14:39  Marine x2  
  107  14:44  Marine  
  110  14:45  Marine  
  110  14:50  Widow Mine  
  110  14:51  Marine  
  110  14:52  Marine  
  115  14:58  Widow Mine x2  
  119  15:05  Marauder  
  119  15:09  Marine x2  
  119  15:10  Marauder x2  
  119  15:12  Widow Mine  
  127  15:19  Widow Mine  
  127  15:20  Marine x4  
  114  15:21  Widow Mine  
  114  15:26  Marauder  
  117  15:30  Marine  
  117  15:31  Marauder  
  117  15:32  Marauder  
  117  15:33  Widow Mine  
Show
View Real Time Build Order
Export as new Build Order

Serral Zerg - Winner!

Build Orders: Hatch First, Muta Ling Bane 

Get SALT Encoding   

  12  0:00  Drone  
  13  0:12  Overlord  
  13  0:17  Drone  
  14  0:31  Drone x2  
  16  0:48  Hatchery  
  15  0:51  Drone  
  15  0:56  Drone  
  17  1:13  Spawning Pool  
  17  1:14  Drone  
  17  1:20  Drone  
  17  1:23  Drone  
  19  1:28  Drone  
  19  1:31  Extractor  
  19  1:38  Drone  
  20  1:49  Overlord  
  20  2:00  Queen x2  
  24  2:03  Drone  
  24  2:06  Zergling x2  
  26  2:10  Drone  
  26  2:12  Drone  
  28  2:21  Drone  
  28  2:22  Drone  
  30  2:36  Hatchery  
  29  2:39  Drone  
  29  2:41  Drone  
  31  2:46  Metabolic Boost  
  31  2:51  Queen  
  31  2:56  Overlord  
  33  2:59  Drone  
  33  3:01  Drone  
  33  3:02  Drone  
  36  3:09  Overlord  
  36  3:15  Drone  
  36  3:16  Drone x3  
  40  3:20  Queen  
  42  3:27  Queen  
  44  3:34  Drone x2  
  44  3:35  Overlord  
  44  3:37  Drone  
  44  3:38  Drone  
  44  3:40  Drone x2  
  50  3:45  Zergling x2  
  50  3:47  Queen  
  53  3:50  Zergling x2  
  53  3:51  Zergling x2  
  53  3:52  Drone  
  56  3:58  Overlord  
  56  3:59  Zergling x2  
  56  4:00  Drone x2  
  56  4:01  Drone  
  60  4:10  Zergling x4  
  60  4:11  Overlord  
  60  4:12  Drone  
  60  4:13  Drone x2  
  65  4:20  Overlord  
  65  4:23  Drone  
  66  4:25  Overlord  
  66  4:29  Lair  
  66  4:31  Extractor  
  66  4:32  Zergling x2  
  66  4:33  Drone x2  
  66  4:34  Baneling Nest  
  66  4:41  Overlord  
  66  4:42  Drone x3  
  66  4:44  Queen  
  71  4:45  Overlord  
  71  4:46  Drone  
  71  4:50  Drone x2  
  71  4:51  Drone  
  75  4:54  Overlord  
  75  4:55  Drone  
  75  4:56  Extractor  
  75  4:57  Drone, Extractor  
  75  4:59  Drone x3  
  78  5:04  Extractor x2  
  78  5:05  Zergling x2  
  78  5:06  Overlord  
  77  5:11  Drone x3, Spore Crawler x2  
  78  5:15  Drone, Spore Crawler  
  78  5:18  Drone x2  
  78  5:20  Drone  
  81  5:25  Zergling x2  
  81  5:26  Zergling x4  
  81  5:27  Baneling x2  
  84  5:31  Spire, Overlord  
  84  5:33  Drone  
  84  5:34  Drone  
  85  5:36  Drone  
  85  5:37  Overlord  
  85  5:39  Overseer  
  85  5:40  Drone  
  87  5:44  Drone  
  87  5:45  Drone x2  
  87  5:49  Centrifical Hooks  
  90  5:52  Drone x3  
  90  5:56  Overlord  
  93  6:04  Hatchery  
  93  6:05  Zergling x4  
  94  6:12  Zergling x12  
  96  6:36  Drone x2  
  97  6:44  Mutalisk  
  97  6:45  Mutalisk x8  
  113  6:49  Mutalisk  
  113  6:52  Zergling x10  
  120  7:00  Zergling x4  
  117  7:02  Baneling  
  115  7:09  Zergling x6  
  115  7:15  Zergling x8  
  122  7:19  Baneling x6  
  122  7:20  Baneling x4  
  122  7:23  Zergling x12  
  122  7:27  Evolution Chamber, Zerg Flyer Weapons Level 1  
  125  7:30  Evolution Chamber  
  117  7:40  Mutalisk x4  
  117  7:42  Drone x4  
  127  7:46  Drone x2  
  127  7:48  Queen  
  127  7:49  Overlord  
  131  7:52  Overlord  
  131  7:53  Mutalisk  
  131  7:56  Drone x3  
  131  7:58  Zerg Melee Weapons Level 1, Zerg Ground Armor Level 1  
  136  7:59  Drone  
  136  8:03  Drone x5, Extractor  
  141  8:06  Zergling x10  
  141  8:07  Pneumatized Carapace  
  142  8:16  Zergling x6  
  142  8:19  Overseer  
  143  8:21  Baneling x6  
  143  8:23  Zergling x6  
  143  8:25  Hatchery  
  145  8:28  Overlord  
  145  8:31  Zergling x16  
  153  8:38  Spore Crawler  
  152  8:41  Drone x3  
  152  8:47  Drone x3  
  159  8:48  Drone  
  159  8:51  Baneling x6, Burrow  
  159  8:55  Zergling x2  
  159  8:56  Zergling x10  
  159  8:58  Baneling  
  159  8:59  Baneling x4  
  159  9:02  Drone, Infestation Pit  
  165  9:03  Overseer  
  165  9:04  Overlord x2  
  165  9:06  Zergling x2  
  165  9:07  Zergling x8  
  165  9:09  Overlord  
  169  9:15  Overlord  
  169  9:16  Zergling x2  
  169  9:17  Zergling x6  
  173  9:25  Zerg Flyer Weapons Level 2  
  173  9:27  Zergling x8  
  176  9:40  Zergling x2  
  176  9:41  Zergling x18  
  186  9:49  Hive  
  186  9:53  Zerg Ground Armor Level 2, Zerg Melee Weapons Level 2  
  186  9:57  Drone x2  
  186  9:58  Drone  
  189  10:01  Drone x3  
  189  10:03  Queen  
  191  10:12  Zergling x16  
  199  10:20  Baneling x4  
  196  10:26  Spore Crawler  
  195  10:32  Baneling x12  
  194  10:40  Hatchery  
  193  10:43  Drone x4  
  193  10:47  Hatchery  
  193  10:48  Overseer  
  196  10:50  Baneling x12  
  195  10:58  Zergling x12  
  196  11:09  Baneling  
  196  11:10  Baneling x9  
  196  11:15  Baneling x5  
  196  11:16  Baneling  
  196  11:20  Adrenal Glands  
  196  11:21  Zergling x8  
  196  11:22  Ultralisk Cavern  
  193  11:35  Zergling x20  
  194  11:47  Baneling x12  
  194  11:51  Zergling x30  
  188  12:03  Zergling x2  
  188  12:04  Zergling x32  
  193  12:09  Zergling x16  
  193  12:10  Zerg Ground Armor Level 3, Zerg Melee Weapons Level 3, Chitinous Plating  
  197  12:15  Zerg Flyer Armor Level 1  
  197  12:19  Zergling x6  
  200  12:27  Baneling x13  
  200  12:28  Baneling x7  
  196  12:45  Baneling  
  196  12:46  Baneling x3  
  196  12:48  Baneling x4  
  179  12:59  Ultralisk x3  
  189  13:10  Zergling x74  
  181  13:22  Zergling x12  
  181  13:26  Overseer  
  173  13:27  Baneling x4  
  173  13:29  Anabolic Synthesis  
  173  13:30  Ultralisk x2  
  173  13:32  Queen x5  
  164  13:42  Zergling x8, Ultralisk  
  164  13:45  Extractor  
  166  13:51  Zergling x8  
  166  13:53  Drone x3  
  172  13:56  Hatchery  
  172  13:57  Zergling x2  
  172  13:58  Zergling x4  
  172  13:59  Zergling x2  
  175  14:06  Extractor  
  160  14:20  Zergling x2  
  160  14:21  Zergling x18  
  159  14:27  Extractor  
  159  14:28  Drone x3  
  159  14:29  Drone x3  
  164  14:33  Baneling  
  164  14:34  Baneling x28  
  164  14:36  Zergling x8  
  168  14:40  Drone  
  168  14:43  Overlord  
  169  14:46  Zergling x22  
  169  14:49  Baneling x7  
  169  14:52  Zergling x18  
  189  14:54  Spore Crawler  
  188  15:07  Drone x3  
  185  15:08  Drone  
  185  15:10  Drone x2  
  185  15:12  Zergling x12  
  194  15:20  Zergling x2  
  179  15:21  Zergling x2  
  179  15:22  Zergling x8  
  179  15:27  Baneling x23  
  183  15:32  Zergling x12  
  183  15:35  Hatchery  
Tags
 
Add a new tag
Caveats
  • Supply blocks, unpowered buildings, or Contaminate may cause inaccurate times.
  • Supply counts are checked every 10 seconds.